 Dungeon Crawl Stone Soup version 0.25.0-11-g1f837a76a1 (webtiles) character file.

Game seed: 14267167115297510992

3833 Esekla the Sneak (level 10, -1/49 HPs)
             Began as a Vine Stalker Conjurer on June 26, 2020.
             Was an Elder of Lugonu.
             Slain by Erica
             ... wielding a +1 scimitar of flaming
              (8 damage)
             ... on level 8 of the Dungeon.
             The game lasted 01:07:39 (7900 turns).

Esekla the Sneak (Vine Stalker Conjurer)            Turns: 7900, Time: 01:07:39

Health: -1/49      AC: 12    Str: 12    XL:     10   Next: 18%
Magic:  0/20       EV: 14    Int: 18    God:    Lugonu [****..]
Gold:   254        SH:  0    Dex: 14    Spells: 18/21 levels left

rFire    . . .     SeeInvis .   v - +1 dagger (venom)
rCold    . . .     Gourm    .   (no shield)
rNeg     . . .     Faith    .   j - +2 steam dragon scales
rPois    .         Spirit   +   H - +0 helmet
rElec    .         Reflect  .   q - +2 cloak {rCorr}
rCorr    +         Harm     .   (no gloves)
MR       +....                  (no boots)
Stlth    ++++......             (no amulet)
HPRegen  0.56/turn              (no ring)
MPRegen  0.17/turn              (no ring)

@: lethally poisoned (-1 -> -14), about to teleport, slowed, very slow
A: fangs 3, regeneration 1, magic shield, antimagic bite, no potion heal 3, rot
immunity
a: Depart the Abyss, Bend Space, Banish, Corrupt, Renounce Religion


You were on level 8 of the Dungeon.
You worshipped Lugonu.
Lugonu was greatly pleased with you.
You were hungry.

You visited 2 branches of the dungeon, and saw 9 of its levels.
You also visited: Sewer.

You collected 268 gold pieces.
You spent 14 gold pieces at shops.

Inventory:

Hand Weapons
 a - a +0 long sword
 h - the +5 whip of Xenec {holy, rC+ rN+ MR+}
   (You found it on level 7 of the Dungeon)

   It has been blessed by the Shining One to cause great damage to the undead
   and demons.
   It protects you from cold.
   It protects you from negative energy.
   It affects your resistance to hostile enchantments.
 v - a +1 dagger of venom (weapon)
 D - a +1 vampiric dagger
 E - a +2 vorpal hand axe
Missiles
 B - 3 boomerangs
 G - 21 poisoned darts (quivered)
Armour
 b - a +0 troll leather armour {Purgy}
 j - +2 steam dragon scales (worn)
 q - a +2 cloak of preservation (worn)
 H - a +0 helmet (worn)
Jewellery
 l - an uncursed ring of positive energy
 J - an uncursed ring of wizardry
Wands
 y - a wand of iceblast (10)
 z - a wand of digging (11)
 F - a wand of clouds (5)
Scrolls
 g - a scroll of remove curse
 i - 3 scrolls of blinking
 m - 3 scrolls of fog
 n - 4 scrolls of enchant weapon
 o - a scroll of fear {unknown}
 p - 2 scrolls of immolation {unknown}
 r - 2 scrolls of teleportation
 w - a scroll of amnesia {unknown}
 C - 2 scrolls of magic mapping {unknown}
 I - 2 scrolls of noise {unknown}
 K - a scroll of enchant armour {unknown}
Potions
 d - 2 potions of ambrosia {unknown}
 e - 4 potions of flight
 f - a potion of brilliance {unknown}
 k - 2 potions of stabbing
 s - a potion of degeneration {unknown}
 t - a potion of heal wounds {unknown}
 u - 4 potions of curing {unknown}
 x - a potion of might
Comestibles
 c - 15 rations
 A - 3 chunks of flesh


   Skills:
 + Level 3.6 Fighting
 + Level 2.6(3.9) Short Blades
 * Level 4.5(4.8) Long Blades
 + Level 2.3 Axes
 + Level 0.3(1.4) Maces & Flails
 + Level 3.8 Armour
 + Level 4.2 Dodging
 + Level 7.5 Stealth
 * Level 6.3 Spellcasting
 + Level 5.5 Conjurations
 + Level 3.3 Invocations


You had 18 spell levels left.
You knew the following spells:

 Your Spells              Type           Power        Failure   Level  Hunger
a - Magic Dart            Conj           ####         1%          1    None
e - Searing Ray           Conj           ####..       1%          2    None

Your spell library contained the following spells:

 Spells                   Type           Power        Failure   Level  Hunger
 Dazzling Flash           Conj/Hex       ###...       11%         3    ##.....
 Fulminant Prism          Conj/Hex       ###.......   36%         4    ####...
 Iskenderun's Mystic Bla  Conj/Tloc      ###.....     36%         4    ####...


Dungeon Overview and Level Annotations

Branches:
Dungeon (8/15)             Temple (1/1) D:4           Sewer (visited)
   Lair: D:8-11

Altars:
Ashenzari
Cheibriados
Dithmenos
Elyvilon
Fedhas
Gozag
Kikubaaqudgha
Makhleb
Nemelex Xobeh
Okawaru
Qazlal
Ru
Sif Muna
Trog
Uskayaw
Vehumet
Wu Jian
Xom
Yredelemnul
Zin
The Shining One
Lugonu

Shops:
D:4 *

Annotations:
D:8 Erica


Innate Abilities, Weirdness & Mutations

You have razor-sharp teeth.
Your natural rate of healing is unusually fast.
When hurt, damage is shared between your health and your magic reserves.
Your bite disrupts and absorbs the magic of your enemies.
Potions cannot restore your health.
You are immune to rotting.


Message History

As you read the scroll labeled YQEAVO PILANUA, it crumbles to dust.
You feel strangely unstable.
It was a scroll of teleportation.
You feel sick. The centaur misses you.
The hornet stings you but does no damage.
The centaur closely misses you. The hornet stings you!
You are more poisoned.
You feel as though you will be slow longer.
The centaur hits you but does no damage.
You hit the hornet but do no damage.
The hornet is poisoned.
The hornet is lightly wounded.
You feel sick. The hornet stings you!
You feel as though you will be slow longer.
The centaur hits you.
* * * LOW HITPOINT WARNING * * *
The hornet stings you!
* * * LOW HITPOINT WARNING * * *
You are lethally poisoned!
You feel as though you will be slow longer.
Something hits you!
You die...

.# .......##....###...%.
.# ....... #....#.......
.# .......##....#.......
.# ..............)......
.# .....................
.# .................. .#
........§§§§...... .#
###....§§§§§......
.#########.....§@§§......
<##...........§{cy§......
.##...........§.§§.......
..'.[..............§#...
###...........§.........
#..<..................#
#......###.....#......#
#......# ...... .#....#
#......#


You could see a hornet (very poisoned) and a centaur.

Vanquished Creatures
  Harold (D:7)
  Maggie (D:6)
  Prince Ribbit (D:7)
  A hippogriff (D:7)
  A sky beast (D:6)
  2 black bears
  Purgy (Sewer)
  3 ogres
  2 phantoms (D:3)
  2 centaurs
  4 bullfrogs
  A killer bee (D:6)
  2 howler monkeys
  A vampire bat (D:5)
  A centaur zombie (D:6)
  2 crimson imps
  A jelly (D:6)
  4 orc wizards
  3 orc priests
  A bullfrog skeleton (D:5)
  3 hounds
  Natasha (twice) (D:3)
  8 worker ants
  2 hound skeletons (D:7)
  10 adders
  8 gnolls
  2 shadow imps
  An adder zombie (D:6)
  4 worms
  2 dart slugs
  3 fire bats (D:5)
  13 leopard geckos
  25 orcs
  2 spectral bats (D:5)
  3 bat skeletons (D:5)
  A bat zombie (D:5)
  7 giant cockroaches
  2 goblins
  9 hobgoblins
  4 jackals (D:2)
  5 quokkas
  20 bats
  A bat simulacrum (D:5)
  8 frilled lizards
  8 kobolds
  A quokka skeleton (D:7)
  A quokka zombie (D:7)
  4 rats
194 creatures vanquished.

Vanquished Creatures (others)
  An orc (D:7)
1 creature vanquished.

Grand Total: 195 creatures vanquished

Notes
Turn   | Place    | Note
-------+----------+-------------------------------------------
     0 | D:1      | Esekla the Vine Stalker Conjurer began the quest for the
                  | Orb.
     0 | D:1      | Reached XP level 1. HP: 9/9 MP: 4/4
   112 | D:2      | Found a shimmering blue altar of Sif Muna.
   207 | D:2      | Found a bloodstained altar of Trog.
   245 | D:3      | Noticed an orc priest
   264 | D:3      | Reached XP level 2. HP: 11/13 MP: 4/6
   268 | D:3      | Learned a level 2 spell: Searing Ray
   280 | D:3      | Found a hide-covered altar of Uskayaw.
   443 | D:3      | Reached XP level 3. HP: 14/16 MP: 4/7
   457 | D:3      | Found a glowing drain.
   559 | Sewer    | Entered a sewer
   729 | Sewer    | Noticed Purgy
   995 | Sewer    | Killed Purgy
   995 | Sewer    | Reached skill level 1 in Fighting
   995 | Sewer    | Reached skill level 1 in Axes
   995 | Sewer    | Reached skill level 3 in Stealth
   995 | Sewer    | Gained mutation: Your natural rate of healing is unusually
                  | fast. [Vine Stalker growth]
   995 | Sewer    | Reached XP level 4. HP: 22/22 MP: 0/9
   995 | Sewer    | Reached XP level 5. HP: 25/25 MP: 0/10
  1580 | D:3      | Noticed Natasha
  1587 | D:3      | Killed Natasha
  1587 | D:3      | Reached XP level 6. HP: 24/30 MP: 5/11
  1681 | D:3      | Reached skill level 1 in Armour
  1782 | D:4      | Found Dunkenegh's General Store.
  1792 | D:4      | Bought a scroll of random uselessness for 14 gold pieces
  1801 | D:4      | Reached skill level 5 in Conjurations
  2022 | D:4      | Found a shimmering altar of Xom.
  2115 | D:4      | Found a staircase to the Ecumenical Temple.
  2126 | D:4      | Found a glowing silver altar of Zin.
  2142 | Temple   | Entered the Ecumenical Temple
  2209 | Temple   | Became a worshipper of Lugonu the Unformed
  2209 | Temple   | Reached * piety under Lugonu
  2856 | D:2      | Reached XP level 7. HP: 33/33 MP: 7/12
  2984 | D:2      | Reached ** piety under Lugonu
  3245 | D:2      | Reached skill level 4 in Stealth
  3453 | D:2      | Found an ornate altar of the Wu Jian Council.
  4032 | D:4      | Reached skill level 1 in Invocations
  4104 | D:3      | Noticed Natasha
  4137 | D:3      | Killed Natasha
  4212 | D:4      | Found a radiant altar of Vehumet.
  4212 | D:4      | Found a burning altar of Makhleb.
  4277 | D:4      | Reached skill level 1 in Short Blades
  4355 | D:3      | Reached skill level 5 in Stealth
  4355 | D:3      | Gained mutation: You have razor-sharp teeth. [Vine Stalker
                  | growth]
  4355 | D:3      | Reached XP level 8. HP: 25/39 MP: 7/14
  4742 | D:5      | Entered Level 5 of the Dungeon
  4909 | D:5      | Reached *** piety under Lugonu
  5235 | D:5      | Found an ancient bone altar of Kikubaaqudgha.
  5726 | D:6      | Found a blossoming altar of Fedhas.
  5873 | D:6      | Found a snail-covered altar of Cheibriados.
  6090 | D:6      | Found a basalt altar of Yredelemnul.
  6091 | D:6      | Found a sparkling altar of Nemelex Xobeh.
  6220 | D:6      | Noticed Maggie
  6241 | D:6      | Killed Maggie
  6241 | D:6      | Reached skill level 6 in Stealth
  6241 | D:6      | Reached XP level 9. HP: 28/43 MP: 5/17
  6529 | D:6      | Reached skill level 5 in Spellcasting
  6621 | D:7      | Noticed Prince Ribbit
  6642 | D:6      | Reached skill level 1 in Long Blades
  6699 | D:7      | Killed Prince Ribbit
  6699 | D:7      | Reached **** piety under Lugonu
  6812 | D:7      | Noticed Harold
  7041 | D:7      | Reached skill level 7 in Stealth
  7185 | D:7      | Found a shimmering altar of Xom.
  7206 | D:7      | Got a fine whip
  7259 | D:7      | Identified the +5 whip of Xenec {holy, rC+ rN+ MR+} (You
                  | found it on level 7 of the Dungeon)
  7499 | D:7      | Killed Harold
  7499 | D:7      | Reached XP level 10. HP: 23/49 MP: 4/20
  7891 | D:8      | Noticed Erica
  7900 | D:8      | Slain by Erica

Illustrated notes

Levels and vault maps discovered:
D:1:      dpeg_arrival_water_fire, layout_rooms
D:2:      layout_basic, lemuel_coloured_pillars_altar, lemuel_crystal_altar,
          overflow_temple_1_default, first_ration, small_statue_intersection
D:3:      layout_loops_ring, overflow_temple_1_default, portal_sewer_entry_f,
          uniq_natasha
D:4:      layout_rooms, grunt_temple_overflow_lords_of_destruction, tgw_xom,
          nicolae_overflow_crystal_walls, minmay_temple_entry_grid,
          serial_shops, nicolae_shop_trees, chequers_serial_rivers_small_a
D:5:      layout_gridville, kiku_gazebo_garden_becter, goddamned_bats
D:6:      layout_gridville, overflow_temple_1_default,
          overflow_temple_1_default, nemelex_xobeh_ov_fountains_minmay,
          basic_altar, uniq_maggie
D:7:      layout_cave_pools, minmay_ruined_shrine, uniq_harold,
          uniq_prince_ribbit1
D:8:      layout_basic, old_standard_altar, uniq_erica
Temple:   corrupted_temple

Skill      XL: |  1  2  3  4  5  6  7  8  9 |
---------------+----------------------------+-----
Fighting       | 1 2 3 |  3.6
Axes           | 1 2 |  2.3
Dodging        | 2 3 4 |  4.2
Stealth        | 3 5 6 7 |  7.5
Spellcasting   | 3 4 6 |  6.3
Armour         | 2 3 |  3.8
Conjurations   | 5 |  5.5
Invocations    | 1 3 |  3.3
Short Blades   | 1 2 |  2.6
Long Blades    | 4 |  4.5
Maces & Flails | |  0.3

Action                   |  1- 3 |  4- 6 |  7- 9 | 10-12 || total
-------------------------+-------+-------+-------+-------++-------
Melee: Hand axe          |    48 |       |     4 |       ||    52
       Bite              |     5 |    11 |    73 |     6 ||    95
       Whip              |       |    40 |    22 |       ||    62
       Dagger            |       |    40 |   169 |     4 ||   213
       Long sword        |       |       |    71 |     7 ||    78
Throw: Boomerang         |    85 |       |     1 |       ||    86
       Dart              |     2 |     2 |     7 |     1 ||    12
 Cast: Magic Dart        |     6 |     9 |     9 |     1 ||    25
       Searing Ray       |     7 |    17 |    37 |     2 ||    63
  Use: Potion            |     3 |       |     3 |       ||     6
       Scroll            |     2 |       |     5 |     3 ||    10
 Stab: Sleeping          |     5 |    10 |    18 |       ||    33
       Invisible         |       |       |     2 |       ||     2
  Eat: Chunk             |       |     8 |    14 |     2 ||    24
Armor: Robe              |    12 |       |       |       ||    12
       Troll leather arm |       |    18 |    62 |       ||    80
       Steam dragon scal |       |       |    83 |     5 ||    88
Dodge: Dodged            |    63 |    59 |   275 |    17 ||   414
       Rpst.: Long sword |       |       |    25 |     1 ||    26
